 Dungeon Crawl Stone Soup version 0.31-a0-848-gaac375c287 (webtiles) character file.

Game seed: 16643197261041396142

9 Kurtz the Sneak (level 2, 9/24 HPs)
             Began as a Mummy Delver on Oct 4, 2023.
             Quit the game on level 5 of the Dungeon.
             The game lasted 00:00:17 (113 turns).

Kurtz the Sneak (Mummy Delver)                       Turns: 113, Time: 00:00:18

Health: 9/24       AC:  3    Str: 15    XL:     2   Next: 3%
Magic:  2/2        EV: 11    Int:  9    God:
Gold:   7          SH:  0    Dex: 13    Spells: 1/1 levels left

rFire   x . .        a - +0 hand axe
rCold   + . .        (no shield)
rNeg    + + +        b - +0 leather armour
rPois   ∞            (no helmet)
rElec   .            (no cloak)
rCorr   .            (no gloves)
SInv    .            (no boots)
Will    .....        (no amulet)
Stlth   ++           (no ring)
HPRegen 0.24/turn    (no ring)
MPRegen 0.08/turn

%: faith
@: no status effects
A: cold resistance 1, negative energy resistance 3, torment resistance 2, heat
vulnerability 1, in touch with death 1, no potions, faith
a: no special abilities


You were on level 5 of the Dungeon.
You visited 1 branch of the dungeon, and saw 1 of its levels.

You collected 7 gold pieces.

Inventory:

Hand Weapons
 a - a +0 hand axe (weapon)
Armour
 b - a +0 leather armour (worn)
Wands
 f - a wand of digging (3)
Scrolls
 c - a scroll of fog
 d - a scroll of revelation
 e - a scroll of fear
 g - a scroll of identify {unknown}


   Skills:
 - Level 3.0 Fighting
 * Level 2.2 Axes
 - Level 1.5 Dodging
 - Level 4.1 Stealth


You had one spell level left.
You didn't know any spells.
Your spell library was empty.

Dungeon Overview and Level Annotations

Branches:
Dungeon (5/15)
 Temple: D:4-7

Altars:

Shops:
D:5 (


Innate Abilities, Weirdness & Mutations

You are immune to poison.
Your flesh is cold resistant. (rC+)
You are immune to negative energy. (rN+++)
You are immune to unholy pain and torment.
You are vulnerable to heat. (rF-)
You are in touch with the powers of death.
You do not drink.
You have a special connection with the divine. (Faith)


Message History

The adder is severely wounded.
The adder bites you.
You hit the adder.
You kill the adder!
Your Axes skill increases to level 2!
You have reached level 2!
You start resting.
HP restored.
g - a scroll labelled NIBAYGG JELI An adder comes into view.
Found a scroll labelled WATUSTEURPH and a mace.
A phantom comes into view.
The helpless adder fails to defend itself.
You hit the adder.
The adder is lightly wounded.
The adder bites you but does no damage. x2
You hit the adder.
The adder is heavily wounded.
You barely miss the phantom. The phantom barely misses you.
The adder bites you.
You hit the adder.
The adder is heavily wounded.
You barely miss the phantom. The adder bites you but does no damage.
The phantom hits you. The adder closely misses you. The phantom hits you.
The phantom blinks!
You blink.
You are too injured to fight recklessly!
You are too injured to fight recklessly!
Unknown command.
You are too injured to fight recklessly!
You are too injured to fight recklessly!
Unknown command.
You hit the phantom but do no damage. The phantom hits you.
The phantom blinks!
You blink.
You are too injured to fight recklessly!
You are too injured to fight recklessly!
You are too injured to fight recklessly!
Are you sure you want to abandon this character and quit the game? (Confirm with "yes".)
Okay, then.
Unknown command.
Are you sure you want to abandon this character and quit the game? (Confirm with "yes".)

................##
.................#
.......∩...#####..#
.....#..........#.#
##......).......#.#
....#........... .
#....#.†.........
.......##W######.
?#..##.#@.#
....#..#..##
......##§..# # #..
#§#.# .
#..##.#.#..#
...#.......$.?..
.........###....
....)##.........
......S§####...


You could see a phantom.

Vanquished Creatures
  An adder (D:5)
1 creature vanquished.

Notes
Turn   | Place    | Note
-------+----------+-------------------------------------------
     0 | D:5      | Kurtz the Mummy Delver began the quest for the Orb.
     0 | D:5      | Reached XP level 1. HP: 18/18 MP: 1/1
    40 | D:5      | Reached XP level 2. HP: 10/24 MP: 2/2
   107 | D:5      | Noticed a phantom
   113 | D:5      | Quit the game

Illustrated notes

Levels and vault maps discovered:
D:5:      minmay_chambers_of_threes, layout_rooms, serial_shops, shop, shop,
          nicolae_shop_industrial_runoff, shop, uniq_prince_ribbit1,
          uniq_sigmund

Skill      XL: |  1 |
---------------+----+-----
Axes           | 2 |  2.2
Fighting       | |  3.0
Dodging        | |  1.5
Stealth        | |  4.1

Action                     || total
---------------------------++-------
  Melee: Hand axe          ||    15
   Stab: Sleeping          ||     1
 Armour: Leather armour    ||    16
  Dodge: Dodged            ||     9

Table legend: (Time is in decaauts)
 A = Elapsed time spent in this place.
 B = Non-inter-level travel time spent in this place.
 C = Inter-level travel time spent in this place.
 D = Time resting spent in this place.
 E = Time spent auto-exploring this place.
 F = Levels seen in this place.
 G = Mean time per level.
                   A        B        C        D        E       F      G
               +--------+--------+--------+--------+--------+-----+--------+
         Total |    116 |    116 |      0 |     57 |     12 |   1 |  116.0 |
       Dungeon |    116 |    116 |      0 |     57 |     12 |   1 |  116.0 |
               +--------+--------+--------+--------+--------+-----+--------+

Top non-repeatable levels by time:
     D:5: 116 daAuts
